 Dungeon Crawl Stone Soup version 0.27.0-1-g7a089689b8 (webtiles) character file.

Game seed: 9907931219896238472

273 SomeFlowers the Ruffian (level 6, 0/48 HPs)
             Began as a Mummy Chaos Knight on Aug 1, 2021.
             Was a Plaything of Xom.
             Slain by Natasha (8 damage)
             ... on level 4 of the Dungeon.
             The game lasted 00:06:36 (3482 turns).

SomeFlowers the Ruffian (Mummy Chaos Knight)        Turns: 3482, Time: 00:06:37

Health: 0/48       AC:  8    Str: 17    XL:     6   Next: 3%
Magic:  6/6        EV: 11    Int: 11    God:    Xom [....*.]
Gold:   32         SH:  0    Dex: 12    Spells: 5/5 levels left

rFire    x . .     SeeInvis .     - Unarmed
rCold    + . .     Faith    .   (no shield)
rNeg     + + +     Spirit   .   a - +2 leather armour
rPois    ∞         Reflect  .   (no helmet)
rElec    .         Harm     .   g - scarf {shadows}
rCorr    .         Rampage  .   n - +2 pair of gloves
Will     .....                  (no boots)
Stlth    +.........             (no amulet)
HPRegen  0.16/turn              (no ring)
MPRegen  0.10/turn              (no ring)

@: slowed, very slow
A: cold resistance 1, negative energy resistance 3, torment resistance 2, heat
vulnerability 1, no potions
a: Renounce Religion


You were on level 4 of the Dungeon.
You worshipped Xom.
You were a beloved toy of Xom.
You visited 1 branch of the dungeon, and saw 4 of its levels.

You collected 197 gold pieces.
You spent 165 gold pieces at shops.

Inventory:

Hand Weapons
 c - a +0 rapier
Missiles
 f - 5 javelins
 j - 5 atropa-tipped darts (quivered)
Armour
 a - a +2 leather armour (worn)
 g - a scarf of shadows (worn)
 n - a +2 pair of gloves (worn)
Scrolls
 b - 2 scrolls of teleportation {unknown}
 d - a scroll of brand weapon {unknown}
 e - a scroll of holy word {unknown}
 h - a scroll of identify {unknown}
 i - a scroll of enchant weapon {unknown}
 k - a scroll of vulnerability {unknown}
 m - a scroll of enchant armour {unknown}


   Skills:
 + Level 4.1 Fighting
 * Level 0.5 Throwing
 - Level 1.5 Armour
 - Level 0.7 Dodging
 * Level 0.8 Stealth
 + Level 4.8 Unarmed Combat


You had 5 spell levels left.
You didn't know any spells.
Your spell library contained the following spells:

 Spells                   Type           Power      Damage    Failure   Level
 Animate Skeleton         Necr           0%         N/A       38%         1
 Apportation              Tloc           0%         N/A       38%         1
 Corona                   Hex            0%         N/A       38%         1
 Summon Small Mammal      Summ           0%         N/A       38%         1
 Call Canine Familiar     Summ           0%         N/A       77%         3
 Summon Guardian Golem    Hex/Summ       0%         N/A       77%         3
 Orb of Destruction       Conj           0%         N/A       100%        7
 Spellforged Servitor     Conj/Summ      0%         N/A       100%        7


Dungeon Overview and Level Annotations

Branches:
Dungeon (4/15)
 Temple: D:4-7

Altars:
Fedhas
Wu Jian

Shops:
D:2 [

Annotations:
D:2 Terence
D:4 Natasha


Innate Abilities, Weirdness & Mutations

You are immune to poison.
Your flesh is cold resistant. (rC+)
You are immune to negative energy. (rN+++)
You are immune to unholy pain and torment.
You are vulnerable to heat. (rF-)
You do not drink.


Message History

You feel as though you will be slow longer.
You closely miss Natasha.
Natasha is heavily wounded.
The white imp gestures at you.
The puff of frost hits you but does no damage.
The white imp hits you but does no damage.
Natasha stares at you and mumbles some strange words.
The magic dart hits you.
You closely miss Natasha.
Natasha is heavily wounded.
The white imp gestures at you. The puff of frost hits you. You resist.
Natasha misses you. The white imp closely misses you.
The white imp hits you but does no damage.
Unknown command.
You barely miss Natasha.
Natasha is heavily wounded.
Natasha claws you but does no damage. The white imp gestures at you.
The puff of frost hits you. You resist.
* * * LOW HITPOINT WARNING * * *
The white imp closely misses you. Natasha claws you but does no damage.
The white imp hits you but does no damage.
Your leather armour prevents you from hitting Natasha.
Natasha is heavily wounded.
The white imp closely misses you. Natasha claws you but does no damage.
The white imp gestures at you.
The puff of frost hits you but does no damage.
You resist.
Unknown command.
The white imp gestures at you. The puff of frost hits you. You resist.
* * * LOW HITPOINT WARNING * * *
The white imp hits you.
* * * LOW HITPOINT WARNING * * *
The white imp freezes you. You resist.
* * * LOW HITPOINT WARNING * * *
Natasha claws you!
You die...
Xom giggles madly!

## .#
#.#####.##
#..h.....
##@5.<..#
#5####..#
#..# #..#
#..# #..#
#..# ...#


You could see Natasha and 2 white imps.

Vanquished Creatures
  A necrophage (D:2)
  An orc priest (D:3)
  An orc wizard (D:3)
  6 adders
  A worm (D:3)
  3 dart slugs
  9 orcs
  3 endoplasms (D:3)
  A giant cockroach (D:1)
  5 goblins
  7 hobgoblins
  3 jackals (D:1)
  5 ball pythons
  6 bats
  3 frilled lizards
  4 kobolds
  7 rats
66 creatures vanquished.

Vanquished Creatures (others)
  8 plants (D:3)
8 creatures vanquished.

Grand Total: 74 creatures vanquished

Notes
Turn   | Place    | Note
-------+----------+-------------------------------------------
     0 | D:1      | SomeFlowers the Mummy Chaos Knight began the quest for the
                  | Orb.
     0 | D:1      | Reached XP level 1. HP: 18/18 MP: 1/1
   184 | D:1      | Reached XP level 2. HP: 23/24 MP: 2/2
   235 | D:1      | XOM: divination: detect creatures
   240 | D:1      | Found a faded altar of an unknown god.
   728 | D:2      | Found Turis's Armour Shoppe.
   728 | D:2      | XOM: 5-stop teleportation journey
   773 | D:2      | XOM: 3-stop teleportation journey
   774 | D:2      | Noticed a necrophage
   991 | D:2      | Reached XP level 3. HP: 27/29 MP: 3/3
  1019 | D:2      | XOM: noise
  1024 | D:2      | Killed a necrophage
  1025 | D:2      | Reached XP level 4. HP: 25/37 MP: 4/4
  1186 | D:2      | Reached XP level 5. HP: 40/42 MP: 5/5
  1605 | D:2      | Noticed Terence
  1631 | D:2      | XOM: destruction
  1659 | D:2      | XOM: summons friendly crimson imp
  1679 | D:2      | XOM: summons 1 hostile shadow creature
  1865 | D:1      | XOM: god gift: 5 atropa-tipped darts
  1927 | D:3      | XOM is BORED!
  1927 | D:3      | XOM: noise
  1940 | D:3      | XOM: divination: magic mapping
  2767 | D:3      | Reached XP level 6. HP: 46/48 MP: 6/6
  2852 | D:3      | Found an ornate altar of the Wu Jian Council.
  2852 | D:3      | XOM: 8-stop teleportation journey
  3017 | D:3      | Found a blossoming altar of Fedhas.
  3163 | D:2      | XOM: god gift: 41 gold pieces
  3195 | D:2      | Bought a +2 pair of gloves for 165 gold pieces
  3465 | D:4      | Noticed Natasha
  3482 | D:4      | Slain by Natasha

Illustrated notes

Levels and vault maps discovered:
D:1:      wander_arrival_chamber, layout_loops_ring,
          hellmonk_ecumenical_altar_arch_garden, minmay_pentomino_s4
D:2:      layout_basic, serial_shops, shop, uniq_terence
D:3:      cheibrodos_old_hovel, layout_rooms, mainiacjoe_overflow_two_lobes,
          minmay_mini_jars
D:4:      minmay_clustersquares, layout_loops_ring, uniq_menkaure, uniq_duvessa,
          uniq_natasha

Skill      XL: |  1  2  3  4 |
---------------+-------------+-----
Unarmed Combat | 3 4 |  4.8
Fighting       | 4 |  4.1
Throwing       | |  0.5
Armour         | |  1.5
Dodging        | |  0.7
Stealth        | |  0.8

Action                   |  1- 3 |  4- 6 || total
-------------------------+-------+-------++-------
Melee: Unarmed           |    91 |   229 ||   320
       Punch             |       |     3 ||     3
Throw: Javelin           |       |     5 ||     5
       Dart              |       |     2 ||     2
Armor: Leather armour    |    31 |    82 ||   113
Dodge: Dodged            |    64 |   123 ||   187
